 Dungeon Crawl Stone Soup version 0.22.0-49-gab54619674 (webtiles) character file.

18 JedernureinKreuz the Magician (level 2, -1/17 HPs)
             Began as an Octopode Wizard on Sept 7, 2018.
             Slain by a rat (2 damage)
             ... on level 1 of the Dungeon.
             The game lasted 00:02:35 (549 turns).

JedernureinKreuz the Magician (Octopode Wizard)      Turns: 549, Time: 00:02:35

Health: -1/17      AC:  1    Str:  6    XL:     2   Next: 70%
Magic:  0/6        EV: 13    Int: 20    God:
Gold:   9          SH:  0    Dex: 10    Spells: 7/8 levels left

rFire    . . .     SeeInvis .   (no weapon)
rCold    . . .     Gourm    .   (no shield)
rNeg     . . .     Faith    .   a - +0 hat
rPois    .         Spirit   .   (no amulet)
rElec    .         Reflect  .   (no ring)
rCorr    .         Harm     .   (no ring)
MR       .....                  (no ring)
Stlth    +++.......             (no ring)
HPRegen  0.05/turn              (no ring)
MPRegen  0.10/turn              (no ring)
                                (no ring)
                                (no ring)

@: very slightly contaminated
A: almost no armour, stealthy swim, amphibious, 8 rings, constrict 8, camouflage
1, gelatinous body 1
a: no special abilities


You were on level 1 of the Dungeon.
You were not hungry.

You visited 1 branch of the dungeon, and saw 1 of its levels.

You collected 9 gold pieces.

Inventory:

Armour
 a - a +0 hat (worn)
Scrolls
 d - a scroll of random uselessness {unknown}
Potions
 b - a potion of lignification {unknown}
Comestibles
 c - a ration
 f - 2 chunks of flesh


   Skills:
 + Level 2.0 Dodging
 + Level 2.7 Stealth
 + Level 3.6 Spellcasting
 + Level 1.1 Conjurations
   Level 1.0 Summonings
   Level 1.0 Translocations


You had 7 spell levels left.
You knew the following spells:

 Your Spells              Type           Power        Failure   Level  Hunger
a - Magic Dart            Conj           #...         9%          1    None

Your spell library contained the following spells:

 Spells                   Type           Power        Failure   Level  Hunger
 Blink                    Tloc           N/A          13%         2    ##.....
 Call Imp                 Summ           #.......     13%         2    ##.....
 Slow                     Hex            #.......     21%         2    ##.....
 Conjure Flame            Conj/Fire      #.......     32%         3    ###....
 Mephitic Cloud           Conj/Pois/Air  #.......     34%         3    ###....


Dungeon Overview and Level Annotations

Branches:
Dungeon (1/15)

Altars:
The Shining One


Innate Abilities, Weirdness & Mutations

You cannot wear most types of armour.
You are very stealthy in the water. (Stealth+)
You are amphibious.
You can wear up to eight rings at the same time.
You can use your tentacles to constrict eight enemies at once.
Your skin changes colour to match your surroundings (Stealth+).
Your rubbery body absorbs attacks. (AC +1, EV +1)


Message History

Confirm with . or Enter, or press ? or * to list all spells.
Aiming: Magic Dart (safe; 9% risk of failure)
Press: ? - help, Shift-Dir - straight line, f/p - bat
Aim: a bat (moderately wounded)
You miscast Magic Dart.
You are very lightly contaminated with residual magic.
Nothing appears to happen.
The bat hits you but does no damage. The rat bites you.
* * * LOW HITPOINT WARNING * * *
Casting: Magic Dart (safe; 9% risk of failure)
Confirm with . or Enter, or press ? or * to list all spells.
Aiming: Magic Dart (safe; 9% risk of failure)
Press: ? - help, Shift-Dir - straight line, f/p - bat
Aim: a bat (moderately wounded)
The magic dart hits the bat.
The bat is severely wounded.
The bat hits you.
* * * LOW HITPOINT WARNING * * *
The rat bites you.
You die...

#....# .# ##...##...... #..#.##
#.# #.(.#÷.rr...[ ##..#..## #.#
#...)##...... ##..###..## #.#
#....# b.r.. ##..## ##..###.#
#.rr.# ..r. #..##...+#..##.#
#r..(###########
..##..⌠..##..#.###.##........<...
.##..⌠.⌠..##.....#.##............
## .⌠._.⌠..###.b@r.......####.###
.##..⌠.⌠..##...###.#####......#
..##..⌠..##..#.# #.# #.######
#..##...##..##.# #.# #.# ....##
##..##... #.# #.
#.#..###..##..#..#.# #.
#.##..#......# #.#.# #.
#.###.#...##..# .#.###### #.#
#....## ...##....#


You could see a bat and a rat.

Vanquished Creatures
  A leopard gecko (D:1)
  2 hobgoblins (D:1)
  4 jackals (D:1)
  A frilled lizard (D:1)
  2 kobolds (D:1)
  9 rats (D:1)
19 creatures vanquished.

Notes
Turn   | Place    | Note
-------+----------+-------------------------------------------
     0 | D:1      | JedernureinKreuz the Octopode Wizard began the quest for
                  | the Orb.
     0 | D:1      | Reached XP level 1. HP: 11/11 MP: 4/4
    12 | D:1      | Found a glowing golden altar of the Shining One.
   210 | D:1      | Reached XP level 2. HP: 11/17 MP: 1/6
   549 | D:1      | Slain by a rat

Action                   || total
-------------------------++-------
Melee: Unarmed           ||    33
       Constrict         ||    12
       Tentacles         ||     4
 Cast: Magic Dart        ||    24
Armor: Skin              ||    13
Dodge: Dodged            ||    33
